 Dungeon Crawl Stone Soup version 0.21.1-1-g345015f (webtiles) character file.

53 goulibeur the Unweaver (level 3, 0/29 HPs)
             Began as a Demonspawn Abyssal Knight on July 16, 2018.
             Was a Follower of Lugonu.
             Slain by a worm (3 damage)
             ... on level 2 of the Dungeon.
             The game lasted 00:04:32 (1281 turns).

goulibeur the Unweaver (Demonspawn Abyssal Knight)  Turns: 1281, Time: 00:04:33

Health: 0/29       AC:  8    Str: 12    XL:     3   Next: 64%
Magic:  5/5        EV: 10    Int: 13    God:    Lugonu [*.....]
Gold:   65         SH:  0    Dex: 13    Spells: 2/2 levels left

rFire    . . .     SeeInvis .   a - +1 short sword
rCold    . . .     Gourm    .   (no shield)
rNeg     . . .     Faith    .   j - +0 chain mail
rPois    .         Spirit   .   (helmet restricted)
rElec    .         Reflect  .   (no cloak)
rCorr    .         Harm     .   (no gloves)
MR       .....                  (no boots)
Stlth    ..........             (no amulet)
HPRegen  0.09/turn              g - +5 ring of evasion
MPRegen  0.09/turn              (no ring)

@: no status effects
A: antennae 1
a: Depart the Abyss, Renounce Religion


You were on level 2 of the Dungeon.
You worshipped Lugonu.
Lugonu was aware of your devotion.
You were not hungry.

You visited 1 branch of the dungeon, and saw 2 of its levels.
You visited the Abyss 1 time.

You collected 65 gold pieces.

Inventory:

Hand Weapons
 a - a +1 short sword (weapon)
Armour
 b - a +0 leather armour
 j - a +0 chain mail (worn)
Jewellery
 g - a +5 ring of evasion (left hand)
Scrolls
 d - a scroll of identify {unknown}
 e - a scroll of teleportation {unknown}
 h - a scroll of noise {unknown}
 i - 2 scrolls of remove curse {unknown}
 l - a scroll of immolation {unknown}
Potions
 k - 2 potions of might {unknown}
Comestibles
 c - 3 rations


   Skills:
 + Level 3.3 Fighting
 - Level 1.7 Short Blades
 + Level 2.2 Armour
 + Level 1.5 Dodging
 * Level 3.8 Invocations


You had 2 spell levels left.
You didn't know any spells.

Dungeon Overview and Level Annotations

Branches:
Dungeon (2/15)

Altars:
Kikubaaqudgha


Innate Abilities, Weirdness & Mutations

You have a pair of small antennae on your head.


Message History

You kill the kobold!
Lugonu accepts your kill. The worm closely misses you.
You hit the worm.
The worm is lightly wounded.
The worm bites you.
You barely miss the worm. You hit the worm.
The worm is lightly wounded.
The worm bites you.
Your chain mail prevents you from hitting the worm.
The worm is lightly wounded.
Your chain mail prevents you from hitting the worm.
The worm is lightly wounded.
The worm bites you!
* * * LOW HITPOINT WARNING * * *
You hit the worm.
The worm is moderately wounded.
The worm bites you.
You die...

.((............+ ... ...
...............###.#.....
...........[.............
.)...)####....#..#.......
......)..#.####..#.......
.#######(#.# ##†#.......
.# #...#'### #.#.#.....
.# #.......# #w..+..w..
.# #..#....# #@#+#.....
.### #.......# #.........
...# #.......# ##.......
...###.......# ?......
_.......#....# .>.....
..#######....# .......
.## #....# ....... .#
#....# ....... .# #....#
.......


You could see a worm.

Vanquished Creatures
  An adder (D:2)
  An ooze (D:1)
  A worm (D:2)
  A dart slug (D:1)
  3 leopard geckos
  3 bats
  2 giant cockroaches
  3 goblins
  7 hobgoblins
  4 kobolds
  5 rats (D:1)
31 creatures vanquished.

Notes
Turn   | Place    | Note
-------+----------+-------------------------------------------
     0 | Abyss:1  | goulibeur the Demonspawn Abyssal Knight began the quest for the Orb.
     0 | Abyss:1  | Reached XP level 1. HP: 18/18 MP: 2/2
    50 | Abyss:1  | Noticed a large abomination
    50 | D:1      | Escaped the Abyss
   106 | D:1      | Reached skill level 1 in Dodging
   218 | D:1      | Reached * piety under Lugonu
   237 | D:1      | Gained mutation: You have a pair of small antennae on your head. [demonic ancestry]
   237 | D:1      | Reached XP level 2. HP: 22/24 MP: 4/4
   954 | D:2      | Reached XP level 3. HP: 21/29 MP: 5/5
  1103 | D:2      | Found an ancient bone altar of Kikubaaqudgha.
  1281 | D:2      | Slain by a worm

Skill      XL: |  1  2 |
---------------+-------+-----
Dodging        | 1 |  1.5
Armour         | 2 |  2.2
Invocations    | 3 |  3.8
Fighting       | |  3.3
Short Blades   | |  1.7

Action                   || total
-------------------------++-------
Melee: Short sword       ||   147
Invok: Depart the Abyss  ||     1
  Eat: Chunk             ||     1
Armor: Leather armour    ||     6
       Chain mail        ||    48
Dodge: Dodged            ||    86
